 Dungeon Crawl Stone Soup version 0.30-b1-7-gcb88a99046 (webtiles) character file.

Game seed: 17088198076553947475

60 KittyFluff the Cudgeller (level 4, -5/42 HPs)
             Began as a Gargoyle Berserker on May 5, 2023.
             Was a Believer of Trog.
             Slain by Crazy Yiuf
             ... wielding a +3 quarterstaff of chaos
              (8 damage)
             ... on level 2 of the Dungeon.
             The game lasted 00:06:46 (1092 turns).

KittyFluff the Cudgeller (Gargoyle Berserker)       Turns: 1092, Time: 00:06:47

Health: -5/42      AC:  8    Str: 21    XL:     4   Next: 4%
Magic:  4/4        EV: 11    Int:  7    God:    Trog [**....]
Gold:   124        SH:  0    Dex: 11    Spells: 3/3 levels left

rFire   + . .        a - +0 mace
rCold   . . .        (no shield)
rNeg    + . .        l - +2 leather armour {rF+}
rPois   ∞            (no helmet)
rElec   +            (no cloak)
rCorr   .            (no gloves)
SInv    .            (no boots)
Will    .....        (no amulet) Stlth
                     (no ring)
HPRegen 0.27/turn    (no ring)
MPRegen 0.09/turn

%: no passive effects
@: berserking, very quick
A: sickness immunity, AC +3, negative energy resistance 1, electricity
resistance, torment resistance 1, petrification resistance
a: Renounce Religion, Berserk, Trog's Hand


You were on level 2 of the Dungeon.
You worshipped Trog.
Trog was pleased with you.
You visited 1 branch of the dungeon, and saw 2 of its levels.

You collected 124 gold pieces.

Inventory:

Hand Weapons
 a - a +0 mace (weapon)
Missiles
 j - 3 poisoned darts (quivered)
Armour
 g - a +1 leather armour of cold resistance
 k - a +2 kite shield
 l - a +2 leather armour of fire resistance (worn)
Scrolls
 b - a scroll of enchant weapon {unknown}
 c - 2 scrolls of poison {unknown}
 d - 2 scrolls of silence {unknown}
 e - a scroll of fear {unknown}
 f - a scroll of immolation {unknown}
Potions
 h - a potion of mutation {unknown}
 i - a potion of might {unknown}


   Skills:
 + Level 3.3 Fighting
 * Level 4.7 Maces & Flails
 + Level 2.2 Armour
 - Level 1.5 Dodging


You had 3 spell levels left.
You didn't know any spells.
Your spell library was empty.

Dungeon Overview and Level Annotations

Branches:
Dungeon (2/15)

Altars:

Annotations:
D:2 Crazy Yiuf


Innate Abilities, Weirdness & Mutations

You are immune to sickness and miasma.
Your stone body is resilient. (AC +3)
You are immune to poison.
You resist negative energy. (rN+)
You are resistant to electric shocks. (rElec)
You are resistant to unholy torment.
You are immune to petrification.


Message History

The adder is almost dead.
The adder bites you but does no damage. The adder closely misses you.
You closely miss the adder.
The adder is almost dead.
The adder misses you.
You thump the adder!
You kill the adder!
Trog accepts your kill. The giant cockroach barely misses you.
You have reached level 4!
You feel stronger.
You hit the giant cockroach.
You kill the giant cockroach!
Trog accepts your kill.
Found a sedimented coppery potion.
Found a hammer.
Found a runed translucent door.
Crazy Yiuf shouts!
Press: ? - help, v - describe, . - travel
Here: Crazy Yiuf, wielding a +3 quarterstaff of chaos and wearing a +0 cloak (fire blocked by a runed translucent door)
The floor.
You open the door. You hit Crazy Yiuf but do no damage.
Crazy Yiuf hits you with a +3 quarterstaff of chaos.
Crazy Yiuf burns you.
You hit Crazy Yiuf.
Crazy Yiuf is lightly wounded.
Crazy Yiuf hits you with a +3 quarterstaff of chaos!
Crazy Yiuf burns you.
* * * LOW HITPOINT WARNING * * *
Crazy Yiuf hits you with a +3 quarterstaff of chaos.
* * * LOW HITPOINT WARNING * * *
Space warps around you.
* * * LOW HITPOINT WARNING * * *
A red film seems to cover your vision as you go berserk!
You feel yourself moving faster!
You feel mighty! Crazy Yiuf hits you but does no damage.
You closely miss Crazy Yiuf. You closely miss Crazy Yiuf.
Crazy Yiuf hits you with a +3 quarterstaff of chaos!
You die...

#.......##.# #.########.
#.......##.#######.#.######.
######.......##.........#........
#....#...################.#######
##.#.....# #.# #.########
#######.# #..# ###
###.#...#.##### #.########
#...##..#..........# ..# #....#
#...g@####.P....##.# #.# #.####
#)..### ##P.#.....# .## #.# ###
########## .†# #.# #####<#
....#.# ###.#.# #.#.#
###.#<######


You could see Crazy Yiuf.

Vanquished Creatures
  2 adders (D:2)
  A dart slug (D:1)
  4 bats
  4 endoplasms (D:1)
  A giant cockroach (D:2)
  3 goblins
  6 hobgoblins
  3 jackals (D:1)
  3 ball pythons
  2 frilled lizards (D:1)
  6 kobolds
  3 rats
38 creatures vanquished.

Notes
Turn   | Place    | Note
-------+----------+-------------------------------------------
     0 | D:1      | KittyFluff the Gargoyle Berserker began the quest for the
                  | Orb.
     0 | D:1      | Reached XP level 1. HP: 14/14 MP: 1/1
   155 | D:1      | Reached XP level 2. HP: 17/19 MP: 2/2
   595 | D:1      | Reached skill level 4 in Maces & Flails
   609 | D:1      | Reached XP level 3. HP: 23/23 MP: 3/3
   950 | D:2      | Reached ** piety under Trog
  1023 | D:2      | Reached XP level 4. HP: 28/28 MP: 4/4
  1083 | D:2      | Found a runed translucent door.
  1084 | D:2      | Noticed Crazy Yiuf
  1092 | D:2      | Slain by Crazy Yiuf

Illustrated notes

Levels and vault maps discovered:
D:1:      minmay_arrival_stair_chambers, layout_basic, st_stairs_7,
          minmay_vboxes
D:2:      minmay_angry_zag, layout_basic, ebering_ecumenical_altar_mist,
          uniq_crazy_yiuf_cottage, uniq_sigmund

Skill      XL: |  1  2 |
---------------+-------+-----
Maces & Flails | 4 |  4.7
Fighting       | |  3.3
Armour         | |  2.2
Dodging        | |  1.5

Action                     |  1- 3 |  4- 6 || total
---------------------------+-------+-------++-------
  Melee: Mace              |   100 |     5 ||   105
         Punch             |     1 |       ||     1
 Invoke: Berserk           |       |     1 ||     1
 Armour: Animal skin       |     1 |       ||     1
         Leather armour    |    54 |     1 ||    55
  Dodge: Dodged            |    55 |       ||    55
